General information
			
			
        
        - name: BNet
 
        - type: Ladder team game (AT/RT)
 
        - host: Battle.net
 
        - saver: Blahsmack
 
        
map: Monsoon 
        - players: 6
 
        - length: 49:20
 
        - speed: Fast
 - version: 1.21 W3XP
 - replay type:  Public
 
» download(226 KB)
Players
        team 1 (winner) 
              
              
c0ckaneseJEW (
pink | 53 APM | 2624 actions | 49:12)
              
 5 Paladin 
 3 Holy Light
 2 Divine Shield
 
                » actions 
                
                | Assign group hotkey | 64 |  | 
| Basic commands | 187 |  | 
| Build / train | 103 |  | 
| ESC pressed | 5 |  | 
| Enter build submenu | 23 |  | 
| Enter hero's abilities submenu | 5 |  | 
| Remove unit from queue | 5 |  | 
| Right click | 1129 |  | 
| Select / deselect | 269 |  | 
| Select group hotkey | 714 |  | 
| Use ability | 120 |  | 
                2624 total
 » units 
                » upgrades
                
                | Lumber Harvesting | 2 |  | 
| Storm Hammers | 1 |  | 
| Gunpowder | 2 |  | 
| Swords | 3 |  | 
| Masonry | 1 |  | 
                9 total
 » buildings
                
                | Farm | 16 |  | 
| Scout Tower | 69 |  | 
| Altar of Kings | 1 |  | 
| Lumber Mill | 2 |  | 
| Guard Tower | 9 |  | 
| Keep | 1 |  | 
| Castle | 1 |  | 
| Gryphon Aviary | 2 |  | 
| Blacksmith | 1 |  | 
| Workshop | 1 |  | 
| Town Hall | 1 |  | 
                104 total
 » build order
                01:40 Farm
02:11 Scout Tower
02:37 Scout Tower
02:38 Scout Tower
02:39 Scout Tower
02:41 Scout Tower
02:44 Scout Tower
02:45 Scout Tower
02:46 Scout Tower
02:48 Scout Tower
02:50 Scout Tower
02:51 Scout Tower
03:06 Scout Tower
03:08 Scout Tower
03:10 Scout Tower
03:11 Scout Tower
03:20 Scout Tower
03:31 Scout Tower
03:32 Scout Tower
03:33 Scout Tower
03:36 Scout Tower
03:37 Scout Tower
03:40 Scout Tower
03:41 Scout Tower
03:42 Scout Tower
03:47 Scout Tower
04:18 Scout Tower
04:43 Altar of Kings
04:55 Lumber Mill
04:59 Scout Tower
05:01 Scout Tower
05:04 Scout Tower
05:18 Scout Tower
05:20 Scout Tower
05:21 Scout Tower
05:22 Scout Tower
05:23 Scout Tower
05:24 Scout Tower
05:25 Scout Tower
05:27 Scout Tower
05:28 Scout Tower
05:29 Scout Tower
05:31 Scout Tower
05:34 Scout Tower
05:35 Scout Tower
05:37 Scout Tower
05:38 Scout Tower
05:42 Scout Tower
05:44 Scout Tower
05:46 Scout Tower
05:48 Scout Tower
05:49 Scout Tower
05:50 Scout Tower
05:52 Scout Tower
05:53 Scout Tower
05:55 Scout Tower
05:58 Scout Tower
05:59 Scout Tower
06:01 Scout Tower
06:02 Scout Tower
06:03 Scout Tower
06:05 Scout Tower
06:08 Scout Tower
06:09 Scout Tower
06:10 Scout Tower
06:12 Scout Tower
06:13 Scout Tower
06:15 Scout Tower
06:17 Scout Tower
06:18 Scout Tower
06:23 Guard Tower
06:29 Keep
06:38 Guard Tower
07:06 Farm
07:22 Farm
07:25 Farm
07:27 Farm
07:28 Farm
07:29 Farm
07:30 Farm
07:33 Farm
07:34 Farm
07:36 Farm
07:37 Farm
07:52 Guard Tower
09:12 Castle
09:18 Gryphon Aviary
09:23 Gryphon Aviary
10:56 Guard Tower
11:28 Guard Tower
17:17 Blacksmith
17:57 Farm
17:58 Farm
17:58 Farm
17:59 Farm
18:20 Guard Tower
19:14 Guard Tower
19:53 Workshop
20:03 Lumber Mill
20:40 Guard Tower
21:50 Town Hall
27:08 Guard Tower
27:23 Scout Tower
27:24 Scout Tower
 
               
              
              
Blahsmack (
teal | 43 APM | 2141 actions | 49:20)
              
 7 Blood Mage 
 2 Flame Strike
 3 Siphon Mana
 1 Summon Phoenix
 1 Banish
 
                » actions 
                
                | Basic commands | 240 |  | 
| Build / train | 212 |  | 
| Enter build submenu | 40 |  | 
| Enter hero's abilities submenu | 7 |  | 
| Give item / drop item | 1 |  | 
| Remove unit from queue | 9 |  | 
| Right click | 742 |  | 
| Select / deselect | 680 |  | 
| Use ability | 210 |  | 
                2141 total
 » units 
                
                | Peasant | 26 |  | 
| Sorceress | 7 |  | 
| Mortar Team | 32 |  | 
| Dragonhawk Rider | 23 |  | 
                88 total
 » upgrades
                
                | Masonry | 3 |  | 
| Lumber Harvesting | 2 |  | 
| Magic Sentry | 1 |  | 
| Fragmentation Shards | 1 |  | 
| Gunpowder | 3 |  | 
| Flare | 1 |  | 
| Sorceress Training | 2 |  | 
| Cloud | 1 |  | 
| Swords | 3 |  | 
| Armor | 3 |  | 
| Animal War Training | 1 |  | 
| Plating | 2 |  | 
                23 total
 » buildings
                
                | Lumber Mill | 6 |  | 
| Scout Tower | 55 |  | 
| Altar of Kings | 1 |  | 
| Farm | 14 |  | 
| Guard Tower | 69 |  | 
| Arcane Vault | 2 |  | 
| Keep | 1 |  | 
| Town Hall | 7 |  | 
| Arcane Sanctum | 1 |  | 
| Blacksmith | 1 |  | 
| Castle | 1 |  | 
| Workshop | 3 |  | 
| Gryphon Aviary | 2 |  | 
| Barracks | 1 |  | 
                164 total
 » build order
                00:16 Lumber Mill
00:32 Scout Tower
00:43 Scout Tower
00:44 Scout Tower
00:54 Altar of Kings
01:00 Farm
01:09 Farm
01:55 Farm
02:09 Scout Tower
02:15 Guard Tower
02:21 Scout Tower
02:33 Guard Tower
02:43 Guard Tower
02:43 Guard Tower
02:48 Scout Tower
02:50 Scout Tower
03:10 Guard Tower
03:31 Scout Tower
03:33 Scout Tower
03:34 Scout Tower
03:36 Scout Tower
03:37 Scout Tower
03:39 Scout Tower
03:42 Scout Tower
03:43 Scout Tower
04:34 Guard Tower
05:11 Arcane Vault
05:12 Keep
05:25 Guard Tower
05:52 Guard Tower
06:23 Guard Tower
06:49 Town Hall
06:53 Guard Tower
07:03 Farm
07:19 Lumber Mill
07:22 Lumber Mill
07:24 Lumber Mill
07:28 Lumber Mill
07:33 Lumber Mill
07:42 Guard Tower
07:42 Guard Tower
08:04 Arcane Sanctum
08:20 Guard Tower
08:31 Blacksmith
08:45 Castle
10:09 Scout Tower
10:10 Scout Tower
10:11 Scout Tower
10:13 Guard Tower
10:16 Scout Tower
10:17 Scout Tower
10:17 Scout Tower
10:19 Scout Tower
10:20 Scout Tower
10:20 Scout Tower
10:40 Guard Tower
10:40 Guard Tower
10:46 Workshop
10:48 Workshop
11:04 Guard Tower
11:05 Guard Tower
11:24 Guard Tower
11:24 Guard Tower
11:54 Guard Tower
12:31 Guard Tower
13:03 Scout Tower
13:03 Scout Tower
13:04 Scout Tower
13:05 Scout Tower
13:05 Scout Tower
13:06 Scout Tower
13:12 Scout Tower
13:19 Scout Tower
13:20 Scout Tower
13:24 Workshop
13:32 Scout Tower
13:33 Scout Tower
13:35 Scout Tower
13:36 Scout Tower
13:37 Scout Tower
13:38 Scout Tower
13:39 Scout Tower
13:45 Arcane Vault
14:05 Scout Tower
14:06 Scout Tower
14:08 Scout Tower
14:10 Scout Tower
14:20 Scout Tower
14:21 Scout Tower
14:23 Scout Tower
14:25 Scout Tower
14:46 Guard Tower
14:46 Guard Tower
14:47 Guard Tower
15:00 Guard Tower
15:00 Guard Tower
15:07 Guard Tower
15:08 Guard Tower
15:14 Guard Tower
15:14 Guard Tower
15:20 Guard Tower
15:21 Guard Tower
15:33 Guard Tower
15:33 Guard Tower
15:33 Guard Tower
15:42 Guard Tower
15:42 Guard Tower
15:42 Guard Tower
15:55 Guard Tower
15:56 Guard Tower
16:00 Guard Tower
16:00 Guard Tower
16:00 Guard Tower
16:13 Guard Tower
16:13 Guard Tower
16:20 Guard Tower
16:28 Guard Tower
16:28 Guard Tower
16:29 Guard Tower
16:32 Guard Tower
16:32 Guard Tower
16:36 Guard Tower
16:37 Guard Tower
16:57 Farm
16:57 Farm
17:56 Gryphon Aviary
17:57 Gryphon Aviary
18:01 Barracks
18:25 Farm
18:26 Farm
18:26 Farm
18:27 Farm
18:29 Farm
18:30 Farm
23:55 Farm
23:58 Farm
27:39 Scout Tower
27:40 Scout Tower
27:41 Scout Tower
27:42 Scout Tower
27:44 Scout Tower
27:45 Scout Tower
27:45 Scout Tower
29:03 Town Hall
29:29 Town Hall
30:11 Guard Tower
30:11 Guard Tower
38:01 Town Hall
39:27 Town Hall
40:15 Town Hall
44:08 Town Hall
» items
                
                | Staff of Teleportation | 1 |  | 
| Ivory Tower | 5 |  | 
| Scroll of Town Portal | 4 |  | 
| Boots of Speed | 1 |  | 
| Orb of Fire | 1 |  | 
                12 total
  
               
              
              
sikyanw (
yellow | 57 APM | 2788 actions | 49:12)
              
 5 Demon Hunter 
 3 Immolation
 2 Evasion
 5 Priestess of the Moon 
 3 Searing Arrows
 1 Trueshot Aura
 1 Starfall
 
                » actions 
                
                | Assign group hotkey | 125 |  | 
| Build / train | 126 |  | 
| Enter build submenu | 45 |  | 
| Enter hero's abilities submenu | 10 |  | 
| Give item / drop item | 3 |  | 
| Remove unit from queue | 1 |  | 
| Right click | 1137 |  | 
| Select / deselect | 669 |  | 
| Select group hotkey | 598 |  | 
| Use ability | 74 |  | 
                2788 total
 » units 
                
                | Wisp | 31 |  | 
| Archer | 17 |  | 
| Hippogryph | 14 |  | 
| Druid of the Talon | 5 |  | 
| Faerie Dragon | 1 |  | 
| Dryad | 8 |  | 
                76 total
 » upgrades
                
                | Ultravision | 1 |  | 
| Strength of the Moon | 3 |  | 
| Moon Armor | 3 |  | 
| Improved Bows | 1 |  | 
| Sentinel | 1 |  | 
| Hippogryph Taming | 1 |  | 
| Druid of the Talon Training | 2 |  | 
| Marksmanship | 1 |  | 
| Upgrade Moon Glaive | 2 |  | 
| Well Spring | 1 |  | 
| Nature's Blessing | 1 |  | 
| Mark of the Talon | 1 |  | 
| Strength of the Wild | 3 |  | 
| Reinforced Hides | 3 |  | 
| Abolish Magic | 1 |  | 
| Druid of the Claw Training | 2 |  | 
| Resistant Skin | 1 |  | 
| Hardened Skin | 1 |  | 
| Mark of the Claw | 1 |  | 
                30 total
 » buildings
                
                | Moon Well | 8 |  | 
| Altar of Elders | 2 |  | 
| Ancient of War | 3 |  | 
| Hunter's Hall | 3 |  | 
| Ancient of Wonders | 2 |  | 
| Ancient Protector | 4 |  | 
| Tree of Ages | 2 |  | 
| Ancient of Wind | 3 |  | 
| Tree of Eternity | 2 |  | 
| Tree of Life | 3 |  | 
| Ancient of Lore | 2 |  | 
                34 total
 » build order
                00:14 Moon Well
00:19 Altar of Elders
00:42 Ancient of War
01:33 Moon Well
02:28 Hunter's Hall
03:02 Ancient of Wonders
03:55 Ancient Protector
04:17 Tree of Ages
04:28 Moon Well
04:56 Tree of Ages
05:06 Moon Well
06:04 Ancient of War
06:12 Moon Well
08:17 Ancient of Wind
08:22 Ancient of Wind
08:31 Moon Well
09:12 Tree of Eternity
10:10 Tree of Life
10:42 Moon Well
16:32 Moon Well
22:22 Tree of Life
32:22 Tree of Life
32:45 Ancient of War
34:23 Ancient of Wonders
34:58 Hunter's Hall
35:17 Hunter's Hall
36:19 Altar of Elders
36:31 Ancient Protector
36:54 Ancient Protector
37:26 Tree of Ages
37:37 Ancient Protector
40:03 Ancient of Lore
40:19 Ancient of Lore
40:37 Ancient of Wind
40:42 Tree of Eternity
» items
                 
               team 2 (loser) 
              
              
dooly8318 (
red | 33 APM | 1183 actions | 36:08)
              
 2 Far Seer 
 1 Feral Spirit
 1 Chain Lighting
 1 Tauren Chieftain 
 1 War Stomp
 
                » actions 
                
                | Basic commands | 68 |  | 
| Build / train | 81 |  | 
| ESC pressed | 2 |  | 
| Enter build submenu | 37 |  | 
| Enter hero's abilities submenu | 3 |  | 
| Give item / drop item | 7 |  | 
| Remove unit from queue | 1 |  | 
| Right click | 421 |  | 
| Select / deselect | 500 |  | 
| Use ability | 63 |  | 
                1183 total
 » units 
                
                | Peon | 19 |  | 
| Wind Rider | 23 |  | 
| Demolisher | 8 |  | 
| Troll Witch Doctor | 1 |  | 
                51 total
 » upgrades
                
                | Ranged Weapons | 3 |  | 
| Armor | 3 |  | 
| Shaman Training | 2 |  | 
| Witch Doctor Training | 2 |  | 
                10 total
 » buildings
                
                | Orc Burrow | 11 |  | 
| Altar of Storms | 1 |  | 
| War Mill | 4 |  | 
| Stronghold | 1 |  | 
| Beastiary | 2 |  | 
| Great Hall | 4 |  | 
| Fortress | 1 |  | 
| Spirit Lodge | 2 |  | 
| Barracks | 2 |  | 
| Watch Tower | 7 |  | 
                35 total
 » build order
                00:14 Orc Burrow
00:27 Altar of Storms
01:22 War Mill
01:53 Orc Burrow
03:25 Stronghold
03:47 Orc Burrow
04:04 Orc Burrow
05:04 Orc Burrow
05:47 Beastiary
05:54 Beastiary
06:09 Great Hall
07:07 Orc Burrow
08:39 Orc Burrow
11:08 Fortress
13:43 Spirit Lodge
14:44 War Mill
14:49 Spirit Lodge
16:47 Orc Burrow
16:50 Orc Burrow
17:45 Great Hall
18:14 Barracks
19:34 Barracks
21:47 Great Hall
29:25 Watch Tower
29:28 Watch Tower
30:07 Watch Tower
30:09 Watch Tower
30:10 Watch Tower
30:14 Watch Tower
30:17 Watch Tower
30:33 War Mill
30:38 Orc Burrow
30:41 Orc Burrow
32:06 Great Hall
32:38 War Mill
» items
                
                | Scroll of Healing | 8 |  | 
| Potion of Lesser Invulnerability | 3 |  | 
| Scroll of Town Portal | 1 |  | 
                12 total
  
               
              
              
rawfeed. (
orange | 31 APM | 856 actions | 27:42)
              
 6 Demon Hunter 
 2 Evasion
 3 Immolation
 1 Metamorphosis
 
                » actions 
                
                | Assign group hotkey | 10 |  | 
| Basic commands | 59 |  | 
| Build / train | 66 |  | 
| ESC pressed | 1 |  | 
| Enter build submenu | 21 |  | 
| Enter hero's abilities submenu | 3 |  | 
| Give item / drop item | 1 |  | 
| Right click | 341 |  | 
| Select / deselect | 210 |  | 
| Select group hotkey | 117 |  | 
| Use ability | 27 |  | 
                856 total
 » units 
                
                | Wisp | 24 |  | 
| Archer | 11 |  | 
| Druid of the Claw | 9 |  | 
                44 total
 » upgrades
                
                | Improved Bows | 1 |  | 
| Strength of the Wild | 3 |  | 
| Reinforced Hides | 3 |  | 
| Marksmanship | 1 |  | 
| Druid of the Claw Training | 2 |  | 
| Mark of the Claw | 1 |  | 
                11 total
 » buildings
                
                | Moon Well | 9 |  | 
| Altar of Elders | 1 |  | 
| Ancient of War | 2 |  | 
| Ancient of Wonders | 1 |  | 
| Tree of Ages | 1 |  | 
| Tree of Eternity | 1 |  | 
| Hunter's Hall | 1 |  | 
| Tree of Life | 2 |  | 
| Ancient of Lore | 2 |  | 
| Ancient of Wind | 3 |  | 
                23 total
 » build order
                00:12 Moon Well
00:19 Altar of Elders
00:33 Ancient of War
01:28 Moon Well
01:53 Moon Well
02:07 Ancient of Wonders
03:05 Ancient of War
03:13 Moon Well
03:22 Moon Well
03:37 Moon Well
06:16 Tree of Ages
08:43 Tree of Eternity
08:49 Hunter's Hall
09:36 Tree of Life
10:43 Ancient of Lore
10:47 Ancient of Lore
14:03 Moon Well
14:44 Moon Well
24:14 Ancient of Wind
24:16 Ancient of Wind
24:22 Ancient of Wind
26:19 Tree of Life
26:26 Moon Well
» items
                 
               
              
              
» 
Wupac (
purple | 33 APM | 1642 actions | 49:11)
              
 4 Naga Sea Witch 
 2 Frost Arrows
 2 Forked Lightning
 4 Dark Ranger 
 2 Black Arrow
 2 Life Drain
 
                » actions 
                
                | Assign group hotkey | 12 |  | 
| Basic commands | 69 |  | 
| Build / train | 108 |  | 
| Enter build submenu | 120 |  | 
| Enter hero's abilities submenu | 8 |  | 
| Give item / drop item | 1 |  | 
| Remove unit from queue | 6 |  | 
| Right click | 526 |  | 
| Select / deselect | 552 |  | 
| Select group hotkey | 108 |  | 
| Use ability | 132 |  | 
                1642 total
 » units 
                
                | Peasant | 24 |  | 
| Gryphon Rider | 6 |  | 
| Mortar Team | 11 |  | 
| Siege Engine | 1 |  | 
| Flying Machine | 3 |  | 
                45 total
 » upgrades
                
                | Masonry | 3 |  | 
| Lumber Harvesting | 1 |  | 
| Storm Hammers | 1 |  | 
| Swords | 1 |  | 
| Flare | 1 |  | 
| Flying Machine Bombs | 1 |  | 
                8 total
 » buildings
                
                | Altar of Kings | 1 |  | 
| Farm | 16 |  | 
| Lumber Mill | 1 |  | 
| Blacksmith | 1 |  | 
| Scout Tower | 83 |  | 
| Guard Tower | 31 |  | 
| Keep | 2 |  | 
| Town Hall | 2 |  | 
| Castle | 2 |  | 
| Workshop | 2 |  | 
| Cannon Tower | 1 |  | 
| Arcane Vault | 1 |  | 
| Arcane Tower | 1 |  | 
| Gryphon Aviary | 4 |  | 
                148 total
 » build order
                00:07 Altar of Kings
00:12 Farm
01:07 Lumber Mill
01:24 Blacksmith
01:44 Farm
03:05 Farm
03:12 Scout Tower
03:47 Guard Tower
03:52 Scout Tower
04:21 Guard Tower
04:27 Scout Tower
05:08 Guard Tower
05:09 Keep
05:12 Farm
05:23 Scout Tower
05:31 Scout Tower
06:00 Guard Tower
06:07 Scout Tower
06:12 Scout Tower
06:28 Scout Tower
06:38 Guard Tower
06:53 Scout Tower
07:10 Scout Tower
08:36 Town Hall
08:42 Castle
08:56 Workshop
09:09 Scout Tower
09:58 Guard Tower
10:03 Scout Tower
10:35 Scout Tower
10:42 Cannon Tower
11:20 Arcane Vault
12:16 Guard Tower
12:17 Scout Tower
12:24 Scout Tower
12:43 Scout Tower
12:49 Guard Tower
12:53 Scout Tower
12:56 Scout Tower
12:59 Guard Tower
13:21 Guard Tower
13:28 Scout Tower
13:29 Guard Tower
13:30 Guard Tower
13:32 Scout Tower
13:33 Scout Tower
14:14 Guard Tower
14:17 Scout Tower
14:18 Scout Tower
14:20 Scout Tower
14:50 Arcane Tower
14:53 Scout Tower
14:55 Scout Tower
14:58 Scout Tower
15:05 Scout Tower
15:53 Guard Tower
15:56 Scout Tower
15:58 Scout Tower
15:59 Scout Tower
16:01 Scout Tower
17:05 Guard Tower
17:08 Scout Tower
17:10 Scout Tower
17:12 Scout Tower
17:15 Scout Tower
18:01 Scout Tower
18:08 Scout Tower
18:12 Scout Tower
18:51 Guard Tower
18:56 Scout Tower
19:02 Scout Tower
19:10 Gryphon Aviary
19:16 Gryphon Aviary
19:23 Gryphon Aviary
19:30 Gryphon Aviary
19:41 Farm
19:44 Guard Tower
19:46 Scout Tower
20:21 Guard Tower
20:27 Scout Tower
20:42 Scout Tower
20:57 Guard Tower
21:00 Scout Tower
21:15 Farm
21:31 Scout Tower
21:33 Scout Tower
21:35 Guard Tower
22:04 Guard Tower
22:12 Scout Tower
22:16 Farm
22:19 Scout Tower
22:26 Scout Tower
22:47 Farm
22:57 Farm
23:00 Guard Tower
23:04 Farm
23:07 Scout Tower
23:09 Scout Tower
23:11 Scout Tower
23:46 Farm
23:49 Farm
23:53 Guard Tower
23:56 Scout Tower
23:58 Scout Tower
24:00 Scout Tower
24:03 Scout Tower
24:15 Scout Tower
24:16 Scout Tower
24:39 Farm
24:42 Farm
25:34 Farm
25:40 Guard Tower
25:46 Scout Tower
25:49 Scout Tower
25:51 Scout Tower
25:56 Scout Tower
26:26 Guard Tower
26:30 Scout Tower
26:35 Scout Tower
26:39 Scout Tower
26:44 Scout Tower
26:50 Scout Tower
30:10 Keep
32:03 Scout Tower
32:06 Scout Tower
32:09 Scout Tower
32:11 Scout Tower
32:14 Scout Tower
32:18 Scout Tower
32:19 Guard Tower
32:22 Scout Tower
32:25 Scout Tower
32:28 Scout Tower
32:31 Scout Tower
32:45 Guard Tower
33:05 Guard Tower
34:22 Guard Tower
34:44 Scout Tower
34:46 Scout Tower
34:49 Scout Tower
34:53 Scout Tower
34:56 Scout Tower
35:21 Workshop
35:24 Guard Tower
35:30 Guard Tower
37:38 Castle
38:43 Town Hall
39:23 Farm
47:15 Keep
» items
                
                | Orb of Fire | 1 |  | 
| Scroll of Town Portal | 2 |  | 
| Orb of Venom | 1 |  | 
                4 total
  
                Chat log
          (00:03 / All) c0ckaneseJEW: AHAHAH SLOW FUCK
(00:09 / All) Wupac: ahahahaha
(00:16 / All) Wupac: stfu kunt
(00:22 / All) Wupac: stupid fuckhead
(00:27 / All) c0ckaneseJEW: fuckin shank ur mum with my dick
(00:33 / All) Wupac: cockanese jew monkey
(00:40 / All) Wupac: go fk your mum
(00:50 / All) c0ckaneseJEW: at least i have a mum
(00:56 / All) c0ckaneseJEW: u orphan fuck go find ur parents
(00:59 / All) Wupac: stfu orange wtf u laughing about
(01:00 / All) rawfeed.: WHOS SAYS HE DIDNT?
(01:02 / All) Wupac: stay out of it
(01:15 / All) c0ckaneseJEW: rawfag
(03:50 / All) c0ckaneseJEW: FUCK OFF
(03:55 / Allies) Blahsmack: gogogog
(03:57 / Allies) Blahsmack: gggogogoog
(03:58 / Allies) Blahsmack: gogoogg
(04:01 / Allies) Blahsmack: upgrade
(04:16 / Allies) Blahsmack: geta lumber mill
(04:17 / Allies) Blahsmack: cock
(09:27 / All) c0ckaneseJEW: can ne heros fly
(11:40 / Allies) c0ckaneseJEW: lumber me
(11:42 / Allies) Blahsmack: yellow
(11:44 / Allies) Blahsmack: can i get that
(11:45 / Allies) Blahsmack: mentel
(11:59 / Allies) c0ckaneseJEW: oi u got a spare 1000lumber
(12:01 / Allies) sikyanw: G325 l170
(13:19 / All) c0ckaneseJEW: shall fear no man but god
(14:05 / Allies) sikyanw: i have gold who need
(14:09 / Allies) c0ckaneseJEW: me
(14:13 / Allies) Blahsmack: i need lumber
(14:15 / Allies) Blahsmack: actually
(14:28 / Allies) c0ckaneseJEW: ta
(14:42 / Allies) Blahsmack: lumber?
(14:51 / Allies) sikyanw: that i can
(16:33 / Allies) c0ckaneseJEW: teal u funny cunt
(17:48 / Allies) sikyanw: they back
(18:25 / Allies) c0ckaneseJEW: gold me
(18:25 / Allies) c0ckaneseJEW: cunt
(20:27 / Allies) c0ckaneseJEW: teal do u always play like u are
(20:33 / Allies) c0ckaneseJEW: or just feel like being a cunt
(21:16 / Allies) c0ckaneseJEW: move on to land
(21:17 / Allies) c0ckaneseJEW: u nub
(21:22 / Allies) c0ckaneseJEW: man
(21:23 / Allies) c0ckaneseJEW: ur shit
(21:25 / Allies) c0ckaneseJEW: go onto land
(21:27 / Allies) c0ckaneseJEW: and unmount dem
(21:35 / Allies) c0ckaneseJEW: ur a fuckin idiot
(23:27 / Allies) sikyanw: when they make tank we finish
(23:33 / Allies) Blahsmack: no
(23:33 / Allies) c0ckaneseJEW: lol yeh
(23:35 / Allies) Blahsmack: we not
(23:36 / Allies) Blahsmack: lol
(25:20 / Allies) c0ckaneseJEW: oi
(25:23 / Allies) c0ckaneseJEW: if his got a lot of wyvers
(25:25 / Allies) c0ckaneseJEW: unmount dem
(26:33 / Allies) c0ckaneseJEW: b
(26:34 / Allies) c0ckaneseJEW: yellow
(26:35 / Allies) c0ckaneseJEW: back
(26:42 / All) c0ckaneseJEW: if u dont no
(26:44 / Allies) sikyanw: back
(26:50 / All) c0ckaneseJEW: ur meant 2 protect da catas
(27:50 / All) c0ckaneseJEW: wat a fuckin idiot
(27:55 / All) Wupac: ahahahaha
(29:54 / Allies) sikyanw: ???
(33:37 / Allies) sikyanw: is it funny
(37:25 / Allies) Blahsmack: ok faggots
(38:12 / Allies) c0ckaneseJEW: oi teal
(38:14 / Allies) c0ckaneseJEW: send us some money
(38:19 / Allies) Blahsmack: fuck you
(38:23 / Allies) c0ckaneseJEW: cmon
(38:25 / Allies) c0ckaneseJEW: u fuckhead
(38:27 / Allies) c0ckaneseJEW: no shit we gonna win dis
(38:51 / Allies) sikyanw: you destory my base 
(38:59 / Allies) c0ckaneseJEW: so
(39:02 / Allies) c0ckaneseJEW: are we winnin
(39:03 / Allies) c0ckaneseJEW: or not
(39:04 / Allies) sikyanw: send you money??
(39:15 / Allies) sikyanw: who know 
(39:22 / Allies) sikyanw: not yet
(39:32 / Allies) c0ckaneseJEW: consider 2 of der ebases are dead
(42:25 / Allies) c0ckaneseJEW: fuck off dont kill da hero
(44:25 / Allies) c0ckaneseJEW: fk off
(44:42 / Allies) c0ckaneseJEW: \
(44:43 / Allies) c0ckaneseJEW: not the hero
(44:45 / Allies) c0ckaneseJEW: u fuckhead
(47:12 / Allies) c0ckaneseJEW: oi dont quit
(47:16 / All) c0ckaneseJEW: wu dont quit
(47:31 / All) c0ckaneseJEW: man i had a free meal at crown 2day
(47:40 / All) c0ckaneseJEW: go tinvited to v.i.p
(47:46 / All) Wupac: wtf
(47:48 / All) c0ckaneseJEW: neighbour gave us da voucher
(47:57 / All) c0ckaneseJEW: went with my mum
(48:03 / All) c0ckaneseJEW: full played pokies with her
(48:05 / All) c0ckaneseJEW: we won
(48:07 / All) c0ckaneseJEW: $10
(48:10 / All) c0ckaneseJEW: but she made me use it again
(48:13 / All) c0ckaneseJEW: coz we might win again
(48:18 / All) c0ckaneseJEW: n im like how about FUCK u
(48:20 / All) c0ckaneseJEW: n i went home
(48:53 / All) c0ckaneseJEW: blah fuck ur mum
(48:54 / All) Wupac: lol
(48:54 / All) c0ckaneseJEW: u faggot
(48:58 / All) Wupac: mad asss game
(48:59 / All) Wupac: gg
(49:00 / All) c0ckaneseJEW: yeh
(49:02 / All) Blahsmack: sorry you lose too faggot!
(49:03 / All) c0ckaneseJEW: do it again
(49:04 / All) c0ckaneseJEW: l8r
(49:06 / All) c0ckaneseJEW: need to take a shit
(49:11 / All) c0ckaneseJEW: man